Map: 2000 애트모스피어 - 래더

Players

Trap

  • Race: Protoss Protoss

Bunny - Winner!

  • Race: Terran Terran
  • League: Bronze

Event: StayAtHome Story Cup #4

VOD

Have the link to the VOD?

Description

Time

  • Played on: Oct. 22, 2021, 7:31 a.m.
  • Length: 16:36

All games in this series

Show
View Real Time Build Order
Export as new Build Order

Trap Protoss 

Build Orders: 1 Gate Expand, Blink Stalkers, Zealot Archon 

Get SALT Encoding   

  12  0:00  Probe  
  13  0:12  Probe  
  14  0:16  Pylon  
  14  0:24  Probe (Chrono Boost)  
  15  0:35  Gateway  
  15  0:36  Probe (Chrono Boost)  
  16  0:44  Probe (Chrono Boost)  
  16  0:45  Assimilator  
  17  0:50  Probe  
  18  1:03  Probe  
  19  1:15  Probe  
  20  1:22  Cybernetics Core  
  20  1:32  Nexus  
  20  1:39  Pylon  
  20  1:42  Probe  
  21  1:49  Assimilator  
  21  1:54  Probe  
  21  1:56  Stalker (Chrono Boost)  
  24  2:02  Warp Gate  
  24  2:06  Probe  
  25  2:16  Adept (Chrono Boost)  
  25  2:18  Probe  
  28  2:27  Twilight Council  
  28  2:30  Probe  
  29  2:39  Stalker  
  31  2:45  Probe (Chrono Boost)  
  31  2:50  Probe (Chrono Boost)  
  33  2:54  Probe (Chrono Boost)  
  33  2:58  Probe (Chrono Boost)  
  34  3:01  Blink (Chrono Boost), Probe  
  35  3:08  Probe  
  36  3:15  Gateway  
  36  3:17  Probe  
  37  3:20  Probe  
  37  3:24  Robotics Facility  
  38  3:29  Probe  
  38  3:31  Shield Battery  
  38  3:32  Probe  
  40  3:41  Probe  
  40  3:45  Probe  
  42  3:53  Probe  
  42  3:54  Stalker  
  45  3:57  Pylon, Probe  
  46  4:05  Nexus  
  46  4:15  Probe x2, Observer (Chrono Boost)  
  49  4:17  Stalker x2  
  49  4:21  Pylon  
  53  4:27  Probe  
  54  4:32  Pylon  
  54  4:38  Observer (Chrono Boost)  
  54  4:39  Assimilator, Probe  
  54  4:40  Assimilator  
  54  4:41  Stalker  
  54  4:42  Stalker  
  60  4:46  Probe  
  60  4:52  Probe  
  62  4:57  Pylon  
  62  4:58  Gateway, Observer  
  62  5:02  Charge  
  62  5:03  Probe  
  62  5:04  Probe  
  62  5:05  Stalker  
  66  5:10  Stalker  
  68  5:15  Probe (Chrono Boost)  
  68  5:16  Probe (Chrono Boost)  
  68  5:25  Probe (Chrono Boost)  
  70  5:31  Templar Archives  
  70  5:33  Probe (Chrono Boost)  
  70  5:34  Gateway, Probe (Chrono Boost)  
  72  5:35  Probe (Chrono Boost)  
  72  5:36  Gateway  
  72  5:37  Assimilator  
  72  5:40  Probe (Chrono Boost)  
  72  5:41  Probe x2 (Chrono Boost)  
  73  5:48  Assimilator  
  75  5:50  Gateway  
  75  5:51  Probe, Psionic Storm, Observer  
  75  5:57  Probe x2  
  78  6:02  Shield Battery  
  78  6:03  Pylon, Probe  
  79  6:14  Gateway  
  79  6:16  Gateway, High Templar  
  79  6:17  High Templar  
  83  6:19  Probe x3  
  86  6:25  Shield Battery  
  86  6:28  Immortal (Chrono Boost)  
  88  6:44  High Templar x2, Zealot x2  
  88  6:46  Pylon  
  96  6:48  Pylon  
  94  6:56  Pylon, Sentry  
  94  6:57  Stalker  
  100  7:02  Pylon  
  94  7:10  Stalker x3  
  94  7:13  Robotics Facility  
  94  7:15  Pylon  
  96  7:17  Pylon  
  96  7:18  Zealot x3  
  93  7:25  Archon  
  93  7:26  Zealot x2  
  95  7:31  Probe x3  
  95  7:34  Robotics Facility  
  96  7:38  Forge  
  96  7:43  High Templar x3, Probe  
  96  7:44  Zealot x3  
  99  7:45  Probe x2  
  99  7:49  Zealot x2, Observer  
  101  8:04  Stalker x3  
  105  8:08  Observer (Chrono Boost)  
  106  8:13  Protoss Ground Weapons Level 1 (Chrono Boost)  
  106  8:15  Photon Cannon, Pylon, Shield Battery  
  106  8:18  Zealot x2  
  106  8:19  Zealot x2  
  114  8:20  High Templar  
  116  8:28  Pylon  
  116  8:36  High Templar x2  
  116  8:40  Warp Prism (Chrono Boost)  
  122  8:46  Nexus  
  111  8:56  Zealot x6  
  117  9:07  Immortal (Chrono Boost)  
  118  9:11  Probe x3  
  118  9:14  Observer (Chrono Boost)  
  120  9:23  Robotics Bay  
  118  9:32  High Templar x3  
  118  9:33  High Templar, Zealot x4  
  118  9:36  Archon  
  118  9:37  Archon x3  
  132  9:43  Immortal (Chrono Boost)  
  115  9:55  Zealot x4  
  112  10:00  Observer  
  112  10:03  Immortal (Chrono Boost)  
  100  10:11  Zealot x4  
  100  10:12  Protoss Ground Weapons Level 2 (Chrono Boost)  
  106  10:15  Observer (Chrono Boost)  
  106  10:16  Zealot x4  
  106  10:19  Probe x2  
  106  10:20  Probe x2  
  117  10:30  Colossus (Chrono Boost), Extended Thermal Lance  
  123  10:36  Colossus (Chrono Boost)  
  123  10:42  Pylon  
  129  10:45  Stalker x2  
  129  10:48  Observer  
  133  10:51  Sentry x2  
  133  10:52  Zealot  
  133  10:54  Stalker  
  125  11:04  Photon Cannon  
  123  11:14  Warp Prism (Chrono Boost)  
  125  11:20  Colossus (Chrono Boost), Shield Battery  
  125  11:23  Probe x4  
  135  11:27  High Templar x2  
  135  11:31  Zealot x5  
  148  11:32  Zealot  
  148  11:35  Probe x2  
  148  11:41  Probe  
  148  11:42  Probe  
  140  11:57  Stalker x3  
  140  12:01  High Templar x2, Zealot  
  146  12:02  Zealot x2  
  146  12:06  Gateway x2  
  146  12:08  Immortal (Chrono Boost)  
  153  12:10  Observer (Chrono Boost)  
  128  12:27  Stalker  
  128  12:28  Stalker x4  
  118  12:34  Warp Prism (Chrono Boost)  
  115  12:39  Colossus (Chrono Boost)  
  119  12:50  Zealot x2  
  119  12:51  Zealot x2  
  125  12:59  Probe x2  
  125  13:00  Probe x2  
  125  13:03  Photon Cannon  
  125  13:05  Protoss Ground Armor Level 1 (Chrono Boost)  
  129  13:09  Zealot x4  
  129  13:12  High Templar x2  
  139  13:13  Observer  
  139  13:17  Pylon  
  139  13:18  Zealot  
  139  13:19  High Templar  
  145  13:22  Shield Battery  
  149  13:27  Immortal (Chrono Boost)  
  145  13:37  Sentry, Zealot x3  
  153  13:43  Stalker  
  155  13:51  Zealot x3  
  155  13:53  Disruptor (Chrono Boost)  
  158  14:02  Disruptor (Chrono Boost)  
  164  14:03  Photon Cannon  
  164  14:04  Photon Cannon  
  160  14:15  Nexus  
  158  14:23  Stalker x3  
  154  14:24  Probe x4  
  154  14:25  Photon Cannon  
  154  14:29  Disruptor (Chrono Boost)  
  157  14:31  Disruptor (Chrono Boost)  
  160  14:40  Stalker x3  
  160  14:41  Stalker  
  160  14:44  Observer  
  167  14:58  Zealot x5  
  169  15:01  Disruptor (Chrono Boost)  
  169  15:04  Gravitic Boosters  
  169  15:06  Observer (Chrono Boost)  
  165  15:21  Zealot x5  
  171  15:24  Disruptor (Chrono Boost)  
  171  15:27  Disruptor (Chrono Boost)  
  170  15:34  Stalker x2  
  119  16:10  Observer  
  107  16:16  Stalker x10  
Show
View Real Time Build Order
Export as new Build Order

Bunny Terran - Winner!

Build Orders:  

Get SALT Encoding   

  12  0:00  SCV  
  13  0:12  SCV  
  14  0:17  Supply Depot  
  14  0:24  SCV  
  15  0:38  SCV  
  15  0:39  Barracks  
  16  0:42  Refinery  
  16  0:50  SCV  
  17  1:02  SCV  
  18  1:15  SCV  
  19  1:27  Orbital Command, Marine  
  20  1:43  Command Center  
  20  1:51  Factory  
  20  1:55  SCV  
  21  2:01  Barracks Reactor  
  21  2:05  Supply Depot  
  21  2:07  SCV  
  22  2:11  Refinery  
  22  2:20  SCV  
  23  2:32  SCV  
  23  2:36  Hellion  
  26  2:38  Starport, Marine x2  
  26  2:44  SCV  
  29  2:55  Orbital Command  
  29  2:56  SCV, Marine  
  31  2:59  Marine  
  31  3:04  Hellion  
  32  3:14  Marine  
  32  3:15  Medivac  
  32  3:17  Marine  
  32  3:18  SCV  
  37  3:25  Widow Mine  
  39  3:29  SCV  
  39  3:31  SCV, Marine  
  42  3:35  Marine  
  43  3:41  SCV  
  43  3:43  SCV  
  43  3:45  Supply Depot  
  43  3:53  SCV, Marine x2  
  43  3:54  Factory Tech Lab  
  43  3:55  Starport Tech Lab, SCV  
  46  4:04  Barracks  
  46  4:08  Barracks  
  46  4:10  SCV x2  
  46  4:14  Siege Tank  
  51  4:17  Supply Depot  
  51  4:19  Raven  
  51  4:22  SCV  
  54  4:27  Engineering Bay  
  54  4:31  Refinery  
  54  4:37  Supply Depot  
  54  4:38  Marine x2  
  54  4:39  SCV x2  
  54  4:42  Supply Depot  
  58  4:51  SCV x2  
  60  4:56  Factory Reactor  
  60  4:57  Marine  
  60  4:58  Marine x2  
  60  4:59  Stimpack  
  63  5:00  Terran Infantry Weapons Level 1  
  63  5:05  SCV  
  63  5:06  SCV  
  65  5:11  Supply Depot x2, Combat Shield  
  65  5:18  Starport Reactor  
  65  5:19  SCV  
  65  5:20  SCV  
  65  5:23  Supply Depot  
  65  5:27  Marauder x2  
  69  5:29  Refinery  
  69  5:31  Marine x2  
  69  5:33  SCV  
  69  5:34  SCV  
  73  5:37  Widow Mine  
  73  5:39  Widow Mine  
  77  5:49  Marauder x2  
  79  5:50  Supply Depot  
  79  5:53  Supply Depot  
  79  5:54  Supply Depot  
  79  5:55  Medivac  
  80  5:58  Medivac  
  80  6:02  Marine  
  80  6:03  Marine  
  84  6:05  Widow Mine  
  84  6:06  Widow Mine  
  84  6:07  SCV x2  
  90  6:16  Marauder x2  
  94  6:18  Supply Depot  
  94  6:20  Marine x2  
  96  6:26  Medivac  
  96  6:30  Concussive Shells  
  96  6:32  Medivac  
  98  6:35  Widow Mine  
  99  6:40  SCV x2  
  99  6:41  Marauder x2  
  99  6:42  Marine x2  
  107  6:48  Command Center  
  107  6:56  Widow Mine x2  
  109  7:10  Marauder x2  
  109  7:12  Marine x2  
  114  7:17  Widow Mine, Medivac x2  
  114  7:18  Widow Mine  
  116  7:29  SCV  
  105  7:30  SCV, Marine x2  
  105  7:31  Marauder x2  
  105  7:34  Terran Infantry Armor Level 1  
  105  7:36  Barracks  
  107  7:37  Barracks  
  107  7:41  Widow Mine x2  
  102  7:48  Marine x2  
  102  7:49  SCV x2  
  104  7:52  Marauder  
  104  7:53  Marauder  
  107  7:58  Medivac x2  
  107  8:02  Widow Mine x2  
  111  8:09  Marine x2  
  111  8:11  SCV x2  
  111  8:12  Orbital Command  
  115  8:14  Marauder x2  
  115  8:15  Refinery  
  115  8:19  Armory, Ghost Academy  
  119  8:23  SCV x2  
  119  8:25  Barracks Tech Lab  
  119  8:27  Barracks Reactor  
  121  8:29  Supply Depot  
  121  8:31  Marine x2  
  123  8:35  Widow Mine, SCV x2  
  123  8:40  SCV  
  128  8:47  SCV x2  
  127  8:50  Ghost x2  
  127  8:55  Marine x2  
  118  8:56  Ghost  
  118  8:59  Widow Mine x2  
  119  9:06  Marine  
  119  9:07  Marine  
  119  9:09  SCV x3  
  123  9:12  Supply Depot, Refinery  
  118  9:19  Ghost, Marine x2  
  118  9:21  Widow Mine x2  
  123  9:24  Marine x2  
  123  9:25  Marauder x2  
  123  9:28  SCV x3  
  132  9:32  Supply Depot  
  132  9:37  Marine x2  
  134  9:42  Widow Mine x2  
  134  9:43  Marine x2  
  136  9:47  Marauder x2  
  136  9:48  Marauder  
  133  9:55  Marine x2  
  114  10:00  SCV x3, Marine  
  114  10:01  Marine  
  114  10:03  Widow Mine  
  114  10:04  Widow Mine  
  112  10:08  Marauder x2  
  112  10:09  Marauder  
  112  10:12  SCV x3, Marine  
  110  10:19  Marine x3  
  108  10:24  Medivac  
  108  10:25  Widow Mine  
  112  10:29  Widow Mine, Marauder, Medivac  
  112  10:30  Marauder, Marine  
  112  10:32  Marine  
  122  10:42  Marine x3  
  125  10:48  Ghost  
  127  10:50  Marine  
  127  10:52  Terran Infantry Weapons Level 2  
  127  10:54  Viking  
  130  10:59  Viking  
  130  11:01  Ghost x2  
  130  11:03  Marine x2  
  132  11:18  Ghost, Command Center  
  131  11:21  Marine x4  
  131  11:25  Terran Ship Weapons Level 1  
  135  11:28  Widow Mine x2  
  135  11:32  SCV x3  
  142  11:34  Ghost  
  142  11:36  Ghost  
  146  11:43  Missile Turret  
  146  11:44  SCV x3  
  147  11:47  Viking  
  143  11:55  Viking  
  143  12:00  Marauder  
  147  12:03  Marauder  
  147  12:04  Enhanced Shockwaves  
  147  12:05  Marine x2, Marauder  
  147  12:06  Marine x2  
  155  12:11  SCV x2  
  149  12:21  Marauder  
  134  12:23  Marine x2  
  134  12:25  Marauder  
  134  12:27  Marauder, Marine  
  134  12:28  Marine  
  120  12:38  Viking x2  
  120  12:42  Marine x2, Marauder  
  122  12:46  Marauder  
  122  12:48  Marauder  
  122  12:49  SCV x2  
  122  12:50  SCV  
  129  12:55  Sensor Tower  
  126  13:04  Marauder  
  128  13:05  Marine x2  
  128  13:06  Marine  
  128  13:07  Marauder  
  128  13:11  Medivac  
  128  13:12  Medivac  
  137  13:14  Planetary Fortress  
  137  13:18  Widow Mine x2  
  141  13:23  SCV  
  141  13:24  SCV x2  
  144  13:27  Terran Infantry Armor Level 2  
  144  13:32  Marine x4  
  147  13:39  Marauder x3  
  147  13:41  Widow Mine  
  155  13:42  Widow Mine  
  155  13:44  Refinery  
  157  13:49  Terran Ship Weapons Level 2  
  157  13:50  Personal Cloaking  
  157  13:54  Medivac x2  
  161  14:02  Marauder x3, Marine  
  167  14:03  Marine x2  
  167  14:08  Marine  
  170  14:14  Widow Mine x2  
  174  14:20  Marine x2  
  170  14:25  Ghost x2  
  170  14:26  Ghost  
  170  14:28  Viking x2  
  176  14:31  Marine  
  176  14:32  Marine  
  176  14:38  Marine  
  178  14:41  Refinery  
  179  14:46  Supply Depot  
  179  14:47  Missile Turret  
  179  14:48  Missile Turret  
  179  14:50  Sensor Tower  
  177  15:02  Medivac x2  
  176  15:10  Ghost x2  
  176  15:11  Command Center  
  176  15:13  Ghost  
  182  15:15  Nuke  
  182  15:16  Marine x3  
  181  15:32  Liberator x2  
  186  15:39  Reaper  
  170  15:52  Marauder x3  
  170  15:55  Marine  
  170  15:56  Marine  
  147  16:14  Marauder x3, Marine x4  
  152  16:19  SCV x3  
Tags
 
Add a new tag
Caveats
  • Supply blocks, unpowered buildings, or Contaminate may cause inaccurate times.
  • Supply counts are checked every 10 seconds.